 Dungeon Crawl Stone Soup version 0.30-a0-799-g109b55a442 (webtiles) character file.

Game seed: 1713253711601498162

95 jimonade the Chopper (level 4, -12/40 HPs)
             Began as a Hill Orc Fighter on Feb 20, 2023.
             Mangled by an ice beast (14 damage)
             ... on level 3 of the Dungeon.
             The game lasted 00:02:37 (1982 turns).

jimonade the Chopper (Hill Orc Fighter)             Turns: 1982, Time: 00:02:37

Health: -12/40     AC:  8    Str: 18    XL:     4   Next: 66%
Magic:  4/4        EV:  7    Int: 10    God:
Gold:   110        SH:  8    Dex: 10    Spells: 3/3 levels left

rFire   . . .      SeeInvis .    a - +0 war axe
rCold   . . .      Faith    .    o - +0 kite shield
rNeg    . . .      Spirit   .    b - +0 scale mail
rPois   .          Reflect  .    p - +0 helmet
rElec   .          Harm     .    (no cloak)
rCorr   .          Rampage  .    (no gloves)
Will    .....                    (no boots) Stlth
                                 (no amulet)
HPRegen 0.26/turn                (no ring)
MPRegen 0.09/turn                (no ring)

@: no status effects
A: no striking features
a: no special abilities


You were on level 3 of the Dungeon.
You visited 1 branch of the dungeon, and saw 3 of its levels.

You collected 110 gold pieces.

Inventory:

Hand Weapons
 a - a +0 war axe (weapon)
Missiles
 h - 43 stones (quivered)
Armour
 b - a +0 scale mail (worn)
 c - a +0 buckler
 j - a +0 ring mail
 o - a +0 kite shield (worn)
 p - a +0 helmet (worn)
Jewellery
 n - a ring of fire
Scrolls
 e - 3 scrolls of identify {unknown}
 g - 2 scrolls of teleportation {unknown}
 q - 2 scrolls of blinking {unknown}
 s - a scroll of magic mapping {unknown}
 t - 3 scrolls of noise {unknown}
 u - a scroll of enchant weapon {unknown}
 v - a scroll of vulnerability {unknown}
Potions
 d - 2 potions of might
 f - a potion of cancellation {unknown}
 i - 2 potions of attraction {unknown}
 k - a potion of lignification {unknown}
 l - a potion of curing {unknown}
 m - 2 potions of mutation {unknown}
 r - a potion of degeneration {unknown}


   Skills:
 + Level 4.1 Fighting
 * Level 4.8 Axes
 + Level 3.9 Armour
 + Level 3.7 Shields


You had 3 spell levels left.
You didn't know any spells.
Your spell library contained the following spells:

 Spells                   Type           Power      Damage    Failure   Level
 Apportation              Tloc           0%         N/A       98%         1
 Necrotise                Necr           0%         1d4       98%         1
 Summon Small Mammal      Summ           0%         N/A       98%         1


Dungeon Overview and Level Annotations

Branches:
Dungeon (3/15)

Altars:


Message History

You now have 110 gold pieces (gained 18).
Found a stone staircase leading down.
h - 43 stones (gained 8)
An ice beast comes into view.
You hit the ice beast.
The ice beast is lightly wounded.
The ice beast hits you. The ice beast freezes you!
The ice beast barely misses you.
You hit the ice beast.
The ice beast is moderately wounded.
The ice beast barely misses you.
You hit the ice beast but do no damage.
The ice beast is moderately wounded.
The ice beast hits you but does no damage.
The ice beast hits you. The ice beast freezes you.
You are too injured to fight recklessly!
You are too injured to fight recklessly!
You are too injured to fight recklessly!
You are too injured to fight recklessly!
You barely miss the ice beast.
The ice beast is moderately wounded.
You block the ice beast's attack.
You closely miss the ice beast.
The ice beast is moderately wounded.
The ice beast hits you but does no damage.
You block the ice beast's attack.
You barely miss the ice beast.
The ice beast is moderately wounded.
The ice beast hits you but does no damage.
You hit the ice beast.
The ice beast is heavily wounded.
You block the ice beast's attack. The ice beast hits you.
The ice beast freezes you!
* * * LOW HITPOINT WARNING * * *
You hit the ice beast but do no damage.
The ice beast is heavily wounded.
The ice beast hits you.
* * * LOW HITPOINT WARNING * * *
The ice beast freezes you!
You die...

#.## #######
..Y>.##.....#
#...........#
#....##.....#
#....##.....# #
#...........#
#.##.#..##Y##### #
#.......##@# ###.
#.......# #...
####..############.#
#..................#
#........##........#
#..#...#.##........#
#..#...............######
#. ##..#.#...............
# #..............#####.


You could see an ice beast.

Vanquished Creatures
  4 adders
  A worm (D:2)
  8 endoplasms
  3 giant cockroaches
  4 goblins
  2 hobgoblins
  7 jackals (D:1)
  3 quokkas
  4 ball pythons
  6 bats
  4 frilled lizards
  5 kobolds
  2 rats
53 creatures vanquished.

Notes
Turn   | Place    | Note
-------+----------+-------------------------------------------
     0 | D:1      | jimonade the Hill Orc Fighter began the quest for the Orb.
     0 | D:1      | Reached XP level 1. HP: 19/19 MP: 1/1
   177 | D:1      | Reached XP level 2. HP: 27/27 MP: 2/2
   342 | D:1      | Reached XP level 3. HP: 30/33 MP: 3/3
  1087 | D:2      | Reached XP level 4. HP: 40/40 MP: 4/4
  1966 | D:3      | Noticed an ice beast
  1982 | D:3      | HP: 2/40 [ice beast (2)]
  1982 | D:3      | Mangled by an ice beast

Illustrated notes

Levels and vault maps discovered:
D:1:      dpeg_arrival_tiny_f, layout_loops_cross
D:2:      layout_basic, minmay_misc_feat_nine_boxes, grunt_ministairs_13,
          st_stairs_4, minmay_pentomino_q2
D:3:      layout_loops_cross

Skill      XL: |  1  2  3 |
---------------+----------+-----
Axes           | 3 4 |  4.8
Fighting       | 4 |  4.1
Armour         | |  3.9
Shields        | |  3.7

Action                     |  1- 3 |  4- 6 || total
---------------------------+-------+-------++-------
  Melee: War axe           |   117 |    72 ||   189
 Armour: Scale mail        |    82 |    29 ||   111
  Dodge: Dodged            |    40 |    19 ||    59
  Block: Buckler           |    22 |       ||    22
         Kite shield       |    22 |    33 ||    55

Table legend: (Time is in decaauts)
 A = Elapsed time spent in this place.
 B = Non-inter-level travel time spent in this place.
 C = Inter-level travel time spent in this place.
 D = Time resting spent in this place.
 E = Time spent auto-exploring this place.
 F = Levels seen in this place.
 G = Mean time per level.
                   A        B        C        D        E       F      G
               +--------+--------+--------+--------+--------+-----+--------+
         Total |   2064 |   2005 |     59 |    166 |   1326 |   3 |  688.0 |
       Dungeon |   2064 |   2005 |     59 |    166 |   1326 |   3 |  688.0 |
               +--------+--------+--------+--------+--------+-----+--------+

Top non-repeatable levels by time:
     D:2: 1015 daAuts
     D:1: 982 daAuts
     D:3: 66 daAuts
